 Dungeon Crawl Stone Soup version 0.23.1 (webtiles) character file.

Game seed: 0

413384 poirepourri the Shatterer (level 23, -7/155 HPs)
             Began as a Gargoyle Fighter on Mar 5, 2019.
             Was the Champion of Cheibriados.
             Killed from afar by a deep elf annihilator (52 damage)
             ... with a crystal spear
             ... on level 3 of the Elven Halls.
             The game lasted 01:07:53 (40733 turns).

poirepourri the Shatterer (Gargoyle Fighter)       Turns: 40733, Time: 01:07:54

Health: -7/155     AC: 41    Str: 48    XL:     23   Next: 55%
Magic:  23/34      EV: 22    Int: 23    God:    Cheibriados [******]
Gold:   2365       SH: 19    Dex: 31    Spells: 17/36 levels left

rFire    . . .     SeeInvis .   a - +7 morningstar of the Goat {flame, +Inv rPois MR+}
rCold    . . .     Gourm    .   W - +0 shield {reflect}
rNeg     + + .     Faith    .   F - +8 ring mail of the Eleven Friends {rN+}
rPois    ∞         Spirit   .   u - +1 helmet
rElec    +         Reflect  +   M - +0 cloak "Piugrep" {MR+ Str+3}
rCorr    .         Harm     .   y - +2 pair of gloves {Str+3}
MR       ++++.                  c - +2 pair of boots
Stlth    ++........             s - amulet of regeneration
HPRegen  0.75/turn              K - ring of the Republic {MR+ Str+5}
MPRegen  0.24/turn              B - +5 ring of slaying

@: very slow
A: big wings, dopey 1, negative energy resistance 1, electricity resistance,
unbreathing, petrification resistance, rot immunity, AC +17
}: 2/15 runes: decaying, serpentine
a: Fly, Bend Time, Temporal Distortion, Slouch, Step From Time, Renounce
Religion, Evoke Invisibility


You were on level 3 of the Elven Halls.
You worshipped Cheibriados.
Cheibriados was exalted by your worship.
You were hungry.

You visited 8 branches of the dungeon, and saw 40 of its levels.
You visited the Abyss 2 times.

You collected 3731 gold pieces.
You spent 1366 gold pieces at shops.

Inventory:

Hand Weapons
 a - the +7 morningstar of the Goat (weapon) {flame, +Inv rPois MR+}
   (You bought it in a shop on level 12 of the Dungeon)

   It has been specially enchanted to burn those struck by it, causing extra
   injury to most foes and up to half again as much damage against particularly
   susceptible opponents.
   It protects you from poison.
   It affects your resistance to hostile enchantments.
   It lets you turn invisible.
 b - a +4 hand crossbow of flaming
 n - a +3 vampiric flail
Missiles
 i - 12 javelins (quivered)
 k - 1538 bolts
Armour
 c - a +2 pair of boots (worn)
 l - the +4 scale mail "Nuawnir" {*Slow rPois rF+++ Dex+2}
   (You took it off a deep elf master archer on level 3 of the Elven Halls)

   It affects your dexterity (+2).
   It renders you almost immune to fire.
   It protects you from poison.
   It may slow you when you take damage.
 u - a +1 helmet (worn)
 y - a +2 pair of gloves of strength (worn)
 C - a +3 shield of protection
 F - the +8 ring mail of the Eleven Friends (worn) {rN+}
   (You bought it in a shop on level 4 of the Vaults)

   It protects you from negative energy.
 M - the +0 cloak "Piugrep" (worn) {MR+ Str+3}
   (You found it on level 4 of the Vaults)

   It affects your strength (+3).
   It affects your resistance to hostile enchantments.
 N - a scarf of repulsion
 V - a +1 chain mail of fire resistance
 W - a +0 shield of reflection (worn)
Jewellery
 e - an uncursed amulet of the gourmand
 s - an amulet of regeneration (around neck)
 w - an uncursed amulet of guardian spirit
 z - an uncursed ring of positive energy
 B - a +5 ring of slaying (right hand)
 E - an uncursed ring of protection from fire
 G - an uncursed ring of ice
 K - the ring of the Republic (left hand) {MR+ Str+5}
   (You found it on level 1 of the Lair of Beasts)

   [ring of protection from magic]

   It affects your strength (+5).
   It affects your resistance to hostile enchantments.
 Z - the amulet of Vaunt {*Drain +Rage rN+ Dex+2}
   (You took it off a deep elf master archer on level 3 of the Elven Halls)

   [amulet of rage]

   It affects your dexterity (+2).
   It protects you from negative energy.
   It lets you go berserk.
   It causes draining when unequipped.
Wands
 d - a wand of flame (64)
 g - a wand of polymorph (40)
 h - a wand of enslavement (44)
 m - a wand of disintegration (40)
 o - a wand of digging (18)
 H - a wand of paralysis (18)
 Q - a wand of iceblast (29)
 R - a wand of acid (10)
Scrolls
 p - 9 scrolls of remove curse
 q - 7 scrolls of identify
 A - 2 scrolls of teleportation
 I - 3 scrolls of magic mapping
 O - a scroll of holy word
 P - a scroll of fear
 T - a scroll of summoning
 U - 2 scrolls of silence
 Y - 3 scrolls of blinking
Potions
 j - a potion of ambrosia
 r - 4 potions of heal wounds
 t - 2 potions of mutation
 v - a potion of agility
 x - 4 potions of cancellation
 J - 3 potions of might
 L - 3 potions of curing
Miscellaneous
 D - a sack of spiders
 S - a phial of floods
 X - a lamp of fire
Comestibles
 f - 52 rations


   Skills:
 - Level 19.1 Fighting
 - Level 22.1 Maces & Flails
 - Level 5.0 Armour
 - Level 9.1 Dodging
 - Level 15.3 Shields
 - Level 7.3 Spellcasting
 - Level 11.3 Hexes
 + Level 7.0 Air Magic
 - Level 14.0 Invocations
 - Level 10.6 Evocations


You had 17 spell levels left.
You knew the following spells:

 Your Spells              Type           Power        Failure   Level  Hunger
a - Passwall              Tmut/Erth      #.......     14%         2    None
b - Airstrike             Air            #####.....   4%          4    ###....
c - Invisibility          Hex            ######..     13%         6    ######.
d - Dazzling Spray        Conj/Hex       ####..       2%          3    None
e - Cause Fear            Hex            ######....   1%          4    ###....

Your spell library contained the following spells:

 Spells                   Type           Power        Failure   Level  Hunger
 Corona                   Hex            ######.      1%          1    None
 Slow                     Hex            ######..     1%          2    None
 Shock                    Conj/Air       ###.         2%          1    None
 Inner Flame              Hex/Fire       ####....     2%          3    None
 Portal Projectile        Hex/Tloc       ####..       2%          3    None
 Summon Guardian Golem    Hex/Summ       ####....     2%          3    None
 Swiftness                Chrm/Air       ###.....     3%          2    None
 Static Discharge         Conj/Air       ###.....     6%          3    None
 Beastly Appendage        Tmut           #.....       9%          1    None
 Magic Dart               Conj           #...         9%          1    None
 Summon Small Mammal      Summ           #...         9%          1    None
 Fulminant Prism          Conj/Hex       ####......   9%          4    ###....
 Leda's Liquefaction      Hex/Erth       ####......   9%          4    ###....
 Mephitic Cloud           Conj/Pois/Air  ###.....     11%         3    None
 Darkness                 Hex            ######....   13%         6    ######.
 Blink                    Tloc           N/A          14%         2    None
 Call Imp                 Summ           #.......     14%         2    None
 Corpse Rot               Necr           N/A          14%         2    None
 Searing Ray              Conj           #.....       14%         2    None
 Sticks to Snakes         Tmut           #.......     14%         2    None
 Summon Lightning Spire   Summ/Air       ###.....     22%         4    ###....
 Call Canine Familiar     Summ           #.......     26%         3    None
 Conjure Flame            Conj/Fire      #.......     26%         3    None
 Spider Form              Tmut/Pois      #.........   26%         3    None
 Stone Arrow              Conj/Erth      #.....       26%         3    None
 Lightning Bolt           Conj/Air       ###.......   52%         5    #####..
 Force Lance              Conj/Tloc      #.......     65%         4    ###....
 Ice Form                 Ice/Tmut       #.......     65%         4    ###....
 Iskenderun's Mystic Bla  Conj           #.......     65%         4    ###....
 Passage of Golubria      Tloc           N/A          65%         4    ###....
 Summon Ice Beast         Ice/Summ       #.......     65%         4    ###....
 Blade Hands              Tmut           #.........   94%         5    #####..
 Lee's Rapid Deconstruct  Erth           #.........   94%         5    #####..
 Summon Forest            Summ/Tloc      #.........   94%         5    #####..
 Hydra Form               Tmut           #.........   100%        6    ######.
 Haunt                    Necr/Summ      #.........   100%        7    #######
 Summon Hydra             Summ           #.........   100%        7    #######
 Borgnjor's Revivificati  Necr           #.........   100%        8    #######
 Death's Door             Chrm/Necr      #.........   100%        8    #######
 Infestation              Necr           #.........   100%        8    #######
 Necromutation            Tmut/Necr      #.........   100%        8    #######


Dungeon Overview and Level Annotations

Branches:
Dungeon (15/15)            Temple (1/1) D:4            Lair (6/6) D:9
  Swamp (4/4) Lair:4        Snake (4/4) Lair:2        Slime (0/5) Lair:5
    Orc (2/2) D:9             Elf (3/3) Orc:2        Vaults (5/5) D:14
  Crypt (0/3) Vaults:3     Depths (0/5) D:15

Altars:
Ashenzari
Cheibriados
Dithmenos
Elyvilon
Fedhas
Gozag
Hepliaklqana
Kikubaaqudgha
Makhleb
Nemelex Xobeh
Okawaru
Qazlal
Ru
Sif Muna
Trog
Uskayaw
Vehumet
Wu Jian
Xom
Yredelemnul
Zin
The Shining One
Jiyva

Shops:
D:4 =   D:12 [*   D:13 *   Orc:1 [   Orc:2 }?[:   Elf:1 :=   Vaults:2 (
Vaults:4 [

Portals:
Trove: Elf:2 (give ring of Robustness)

Annotations:
D:9 2 runed translucent doors, exclusion: orange crystal statue
D:10 3 runed translucent doors, Kairos's ghost, journeyman FoAK
D:12 3 runed translucent doors, Tommers's ghost, journeyman SpEn
Lair:2 exclusion: 2 oklob plants
Lair:6 1 runed translucent door, Kairos's ghost, journeyman VSFi


Innate Abilities, Weirdness & Mutations

You are resistant to torment.
Your stone body is resilient. (AC +17)
You are immune to poison.
Your large and strong wings let you fly indefinitely.
You resist negative energy. (rN+)
You are resistant to electric shocks. (rElec)
You can survive without breathing.
You are immune to petrification.
You are immune to rotting.
You are dopey. (Int -2)


Message History

You perforate the deep elf demonologist like a sieve!!!
You burn the deep elf demonologist!!
You kill the deep elf demonologist!
Cheibriados appreciates the change of pace.
Your Air Magic skill increases to level 7!
The deep elf annihilator casts a spell at you.
The bolt of lightning misses you.
Items here: " $ )))) ?? [[[ †† You are no longer corroded.
The deep elf annihilator gestures at you while chanting.
The poison arrow hits you. You partially resist.
The deep elf annihilator mumbles some strange words.
The deep elf annihilator blinks!
Unknown command.
The deep elf annihilator points at you and mumbles some strange words.
The crystal spear hits you!!!
* * * LOW HITPOINT WARNING * * *
The deep elf annihilator points at you and mumbles some strange words.
The crystal spear hits you!!!
You die...

#...........'.......)..##.
#.........))#...........##
#.....)((.))#...)...)....#
###......(..########.##...
##..#.#.(## ####... ####
#.)# ##.... #))# #.....
#..# #..... #@.# ##.#'#
...#...)....#.. ##...
..###...e..###. #...
...#........#.. #...
#.............. #...
##............# #...
##..........## #...
##........## #... #...


You could see a deep elf annihilator.

Vanquished Creatures
  Saint Roka (Snake:4)
  Bai Suzhen (Swamp:4)
  Vashnia (Snake:4)
  Margery (Vaults:2)
  A golden dragon (Vaults:4)
  Nikola (Snake:4)
  Jorgrun (Snake:1)
  Asterion (Snake:1)
  A lich (Vaults:3)
  A deep elf blademaster (Elf:3)
  A deep elf master archer (Elf:3)
  Frances (D:12)
  A sphinx (Vaults:4)
  Agnes (Snake:4)
  3 thorn hunters
  2 fire giants (Vaults:4)
  Donald (Orc:2)
  8 nagarajas (Snake:4)
  A frost giant (Vaults:3)
  7 vault wardens
  An orc warlord (Orc:2)
  9 deep elf sorcerers
  Aizul (Snake:3)
  11 ironheart preservers
  6 deep elf elementalists (Elf:3)
  2 entropy weavers (Vaults:4)
  8 stone giants
  5 deep elf demonologists (Elf:3)
  Azrael (Elf:1)
  2 deep elf annihilators
  7 deep elf death magi
  5 ettins
  4 fire dragons
  A crystal guardian (Vaults:3)
  Josephine (Lair:4)
  12 ogre magi
  9 yaktaur captains
  2 deep elf high priests (Elf:3)
  29 vault guards
  16 naga warriors
  3 great orbs of eyes
  3 ice dragons
  32 hydras
  A catoblepas (Lair:6)
  17 alligators
  3 death knights
  11 centaur warriors
  3 shambling mangroves
  10 anacondas
  2 deep troll shamans
  31 dancing weapons
  A deep troll earth mage (Vaults:1)
  2 vampire magi (Vaults:3)
  42 two-headed ogres
  A thrashing horror (Abyss:3)
  8 shock serpents
  2 spriggan berserkers (Swamp:4)
  5 hell knights (Vaults:2)
  Sonja (Orc:2)
  30 deep elf knights
  25 naga sharpshooters
  A sun demon (Abyss:3)
  4 shadow wraiths
  3 salamander mystics
  9 skeletal warriors
  A wretched star (Abyss:3)
  3 unseen horrors
  3 wizards
  8 deep trolls
  6 naga ritualists
  8 swamp dragons
  19 deep elf archers
  2 spriggan druids
  2 glowing orange brains
  2 flayed ghosts (Vaults:4)
  8 ironbrand convokers
  12 orc knights
  12 mana vipers
  6 harpies (Vaults:4)
  79 deep elf magi
  37 ugly things
  12 salamanders
  3 orc sorcerers
  A salamander (shapeshifter) (Vaults:3)
  A faun (shapeshifter) (Vaults:4)
  A shining eye (shapeshifter) (Vaults:3)
  4 wolf spiders
  2 oklob plants (Lair:2)
  6 cyclopes
  A worldbinder (Abyss:3)
  The ghost of ohad the Sneak, a novice OpTm (D:5)
  6 orange demons (D:10)
  10 vault sentinels
  Maurice (D:10)
  10 guardian serpents
  A manticore (D:13)
  21 naga magi
  29 black mambas
  2 torpor snails
  24 spiny frogs
  8 komodo dragons
  39 yaktaurs
  A rime drake (Lair:4)
  An efreet (D:14)
  4 polar bears
  9 freezing wraiths
  2 ancient zymes
  4 red devils
  13 hornets
  A jumping spider (Vaults:4)
  A polar bear (shapeshifter) (Vaults:3)
  17 trolls
  13 tyrant leeches
  21 blink frogs
  Grinder (D:4)
  13 bog bodies
  2 raiju (shapeshifter) (Vaults:3)
  A fire dragon zombie (D:15)
  A raiju (Abyss:3)
  7 dream sheep (Lair:6)
  27 slime creatures
  13 hippogriffs
  3 shadows
  4 starcursed masses (Abyss:3)
  3 air elementals
  A vampire (D:14)
  6 water elementals
  A ynoxinul (Abyss:3)
  2 redbacks (Vaults:4)
  16 spriggans
  A tarantella (shapeshifter) (Vaults:2)
  10 fire elementals
  4 wyverns
  2 humans (Vaults:3)
  8 wraiths
  10 yaks
  A basilisk (Lair:6)
  Eustachio (D:5)
  14 vampire mosquitoes
  A neqoxec (Abyss:3)
  76 nagas
  4 wargs
  4 large abominations (Abyss:3)
  A soldier ant (shapeshifter) (Vaults:3)
  10 insubstantial wisps
  21 swamp worms
  A hell hound (Elf:1)
  9 water moccasins
  2 acid dragons (Vaults:1)
  7 swamp drakes
  5 black bears
  A floating eye (Lair:2)
  11 porcupines
  36 orc warriors
  5 small abominations
  2 ice beasts
  An eye of draining (shapeshifter) (D:14)
  4 necrophages
  3 phantoms
  A sky beast (D:9)
  25 wolves
  A wolf (shapeshifter) (D:13)
  50 ogres
  13 boggarts
  32 centaurs
  10 crocodiles
  2 big kobolds
  16 bullfrogs
  Blork the orc (D:4)
  4 earth elementals
  A wyvern zombie (D:14)
  2 gnoll sergeants
  A water moccasin skeleton (D:6)
  A wyvern skeleton (D:6)
  A scorpion (D:7)
  A human simulacrum (Vaults:1)
  3 howler monkeys
  10 killer bees (D:7)
  An electric eel (Lair:2)
  8 wights
  A bullfrog zombie (D:10)
  8 crimson imps
  2 centaur zombies
  4 centaur skeletons
  7 jellies
  4 bullfrog skeletons
  17 orc priests
  7 hounds
  An iguana (shapeshifter) (Vaults:1)
  3 iguanas
  16 orc wizards
  11 worker ants
  A worker ant zombie (D:8)
  16 gnolls
  8 adders
  2 shadow imps
  2 white imps (Abyss:3)
  3 adder zombies
  2 worms
  A dart slug (D:3)
  3 leopard geckos
  88 orcs
  A ball python (D:2)
  5 bats
  11 giant cockroaches
  10 goblins
  6 hobgoblins
  9 jackals
  3 quokkas
  4 frilled lizards
  14 kobolds
  A leopard gecko zombie (D:8)
  6 rats
  A briar patch (Swamp:1)
  A butterfly (Lair:5)
  4 plants (Lair:2)
1719 creatures vanquished.

Vanquished Creatures (collateral kills)
  A warg (Orc:2)
  A naga (Snake:4)
  An orc wizard (Orc:2)
  3 orcs
6 creatures vanquished.

Vanquished Creatures (others)
  A naga warrior (Snake:4)
  An ugly thing (Vaults:3)
  A water elemental (Elf:3)
  A fire elemental (Elf:3)
  A naga (Snake:3)
  A swamp worm (Swamp:2)
  An orc warrior (Vaults:3)
  2 ogres
  2 orc wizards (Orc:2)
  2 orcs
  A quokka (D:7)
  A quokka skeleton (D:7)
  2 briar patches (Swamp:4)
  5 fungi
  6 plants
  4 withered plants (D:15)
32 creatures vanquished.

Grand Total: 1757 creatures vanquished

Notes
Turn   | Place    | Note
-------+----------+-------------------------------------------
     0 | D:1      | poirepourri the Gargoyle Fighter began the quest for the
                  | Orb.
     0 | D:1      | Reached XP level 1. HP: 14/14 MP: 1/1
   152 | D:1      | Reached XP level 2. HP: 15/19 MP: 2/2
   332 | D:1      | Reached skill level 3 in Maces & Flails
   914 | D:2      | Reached XP level 3. HP: 23/23 MP: 3/3
  1222 | D:2      | Reached skill level 4 in Maces & Flails
  1222 | D:2      | Reached XP level 4. HP: 24/28 MP: 4/4
  1651 | D:3      | Reached skill level 5 in Maces & Flails
  1651 | D:3      | Reached XP level 5. HP: 26/32 MP: 5/5
  2455 | D:4      | Noticed Blork the orc
  2470 | D:4      | Killed Blork the orc
  2470 | D:4      | Reached skill level 6 in Maces & Flails
  2470 | D:4      | Reached XP level 6. HP: 23/37 MP: 6/6
  2711 | D:4      | Found a shadowy altar of Dithmenos.
  2715 | D:4      | Noticed Grinder
  2760 | D:4      | Killed Grinder
  2760 | D:4      | Reached skill level 7 in Maces & Flails
  2760 | D:4      | Reached XP level 7. HP: 14/41 MP: 7/7
  3073 | D:4      | Found a staircase to the Ecumenical Temple.
  3079 | D:4      | Reached skill level 8 in Maces & Flails
  3344 | Temple   | Entered the Ecumenical Temple
  3362 | Temple   | Became a worshipper of Cheibriados the Contemplative
  3734 | D:4      | Found Zajas's Jewellery Shoppe.
  4040 | D:5      | Entered Level 5 of the Dungeon
  4052 | D:5      | Reached skill level 9 in Maces & Flails
  4052 | D:5      | Reached XP level 8. HP: 44/46 MP: 8/8
  4276 | D:5      | Noticed Eustachio
  4291 | D:5      | Killed Eustachio
  4291 | D:5      | Reached skill level 5 in Fighting
  4576 | D:5      | Found a runed translucent gate.
  4576 | D:5      | Found a runed translucent gate.
  4576 | D:5      | Found a runed translucent gate.
  4576 | D:5      | Noticed ohad's ghost (novice OpTm)
  4760 | D:5      | Reached * piety under Cheibriados
  5133 | D:5      | Cast into level 1 of the Abyss (kobold)
  5250 | Abyss:1  | Noticed an ancient zyme
  5261 | Abyss:1  | Killed an ancient zyme
  5261 | Abyss:1  | Reached skill level 5 in Shields
  5509 | Abyss:1  | Reached XP level 9. HP: 46/57 MP: 9/9
  5539 | D:5      | Escaped the Abyss
  5608 | D:5      | Killed ohad's ghost
  5937 | D:6      | Reached ** piety under Cheibriados
  6034 | D:6      | Found a glowing silver altar of Zin.
  6374 | D:7      | Reached skill level 10 in Shields
  6424 | D:7      | Reached XP level 10. HP: 63/63 MP: 10/10
  6455 | D:7      | Reached *** piety under Cheibriados
  7112 | D:8      | Reached **** piety under Cheibriados
  7311 | D:8      | Noticed a two-headed ogre
  7322 | D:8      | Killed a two-headed ogre
  7865 | D:8      | Found a burning altar of Makhleb.
  8132 | D:9      | Found a staircase to the Orcish Mines.
  8159 | D:9      | Found a staircase to the Lair.
  8383 | D:9      | Found a runed translucent door.
  8388 | D:9      | Found the +10 large shield of Ignorance {rN+ Int-4}
  8394 | D:9      | Found a runed translucent door.
  8420 | D:9      | Noticed an orange crystal statue
  8492 | D:9      | Reached XP level 11. HP: 31/67 MP: 11/11
  8641 | D:9      | Found a stormy altar of Qazlal.
  8645 | D:9      | Found an iron altar of Okawaru.
  8645 | D:9      | Found an opulent altar of Gozag.
  8647 | D:9      | Found a deep blue altar of Sif Muna.
  8777 | D:10     | Entered Level 10 of the Dungeon
  8791 | D:10     | Noticed Maurice
  8806 | D:10     | Killed Maurice
  8940 | D:10     | Reached ***** piety under Cheibriados
  8950 | D:10     | Found a runed translucent gate.
  8952 | D:10     | Found a runed translucent gate.
  8953 | D:10     | Found a runed translucent gate.
  8956 | D:10     | Reached skill level 15 in Shields
  8983 | D:10     | Noticed a two-headed ogre
  8994 | D:10     | Killed a two-headed ogre
 10056 | D:10     | Noticed Kairos's ghost (journeyman FoAK)
 10199 | D:11     | Reached skill level 5 in Armour
 10209 | D:11     | Reached skill level 1 in Dodging
 10269 | D:11     | Killed an unseen horror
 10620 | D:11     | Noticed a white ugly thing
 10634 | D:11     | Killed a white ugly thing
 11061 | D:12     | Reached XP level 12. HP: 71/72 MP: 12/12
 11118 | D:12     | Found Nadoggul's Assorted Antiques.
 11144 | D:12     | Reached skill level 5 in Dodging
 11159 | D:12     | Bought a jewelled morningstar for 252 gold pieces
 11159 | D:12     | Identified the +7 morningstar of the Goat {flame, +Inv
                  | rPois MR+} (You bought it in a shop on level 12 of the
                  | Dungeon)
 11190 | D:12     | Found a runed translucent gate.
 11190 | D:12     | Found a runed translucent gate.
 11191 | D:12     | Found a runed translucent gate.
 11380 | D:12     | Found Cont's Antique Armour Shop.
 11389 | D:12     | Bought a pair of runed gloves for 217 gold pieces
 11424 | D:12     | Noticed an ice dragon
 11428 | D:12     | Noticed Tommers's ghost (journeyman SpEn)
 11697 | D:13     | Noticed Frances
 11701 | D:13     | Noticed a sun demon
 11711 | D:12     | Noticed a soul eater
 11716 | D:12     | Killed Frances
 11854 | D:13     | Reached ****** piety under Cheibriados
 12009 | D:13     | Noticed a centaur warrior
 12017 | D:13     | Killed a centaur warrior
 12043 | D:13     | Noticed a centaur warrior
 12049 | D:13     | Killed a centaur warrior
 12216 | D:13     | Found Fecalum's Assorted Antiques.
 12227 | D:13     | Bought a shiny chain mail for 270 gold pieces
 12402 | D:14     | Reached XP level 13. HP: 76/76 MP: 13/13
 12413 | D:14     | Reached skill level 10 in Maces & Flails
 12445 | D:14     | Found a gate to the Vaults.
 12608 | D:14     | Reached skill level 11 in Maces & Flails
 12685 | D:14     | Found a shimmering altar of Xom.
 12857 | D:14     | Noticed an ettin
 12858 | D:14     | Noticed an ettin
 12884 | D:13     | Killed an ettin
 12947 | D:14     | Killed an ettin
 12947 | D:14     | Reached skill level 12 in Maces & Flails
 13457 | D:15     | Entered Level 15 of the Dungeon
 13695 | D:15     | Reached skill level 13 in Maces & Flails
 13712 | D:15     | Found a staircase to the Depths.
 13876 | Lair:1   | Entered Level 1 of the Lair of Beasts
 14164 | Lair:1   | Got a steaming jade ring
 14481 | Lair:2   | Gained mutation: Your large and strong wings let you fly
                  | indefinitely. [Gargoyle growth]
 14481 | Lair:2   | Reached XP level 14. HP: 79/82 MP: 14/14
 14494 | Lair:2   | Identified the ring of the Republic {MR+ Str+5} (You found
                  | it on level 1 of the Lair of Beasts)
 14495 | Lair:2   | Identified a scroll of acquirement
 14496 | Lair:2   | Identified the +5 flail of Fetty {holy, rF+ Str+3 Dex-3}
                  | (You found it on level 2 of the Lair of Beasts)
 14529 | Lair:2   | Reached skill level 14 in Maces & Flails
 14680 | Lair:2   | Found a staircase to the Snake Pit.
 14722 | Lair:2   | Got a polished scale mail
 14733 | Lair:2   | Identified the +1 scale mail of Marbles {Str+4 Int+2} (You
                  | acquired it on level 2 of the Lair of Beasts)
 14767 | Lair:2   | Paralysed by a floating eye for 2 turns
 14769 | Lair:2   | Paralysed by a floating eye for 4 turns
 14775 | Lair:2   | Paralysed by a floating eye for 4 turns
 14781 | Lair:2   | Paralysed by a floating eye for 2 turns
 14797 | Lair:2   | Paralysed by a floating eye for 3 turns
 14801 | Lair:2   | Paralysed by a floating eye for 3 turns
 15863 | Lair:3   | Reached skill level 15 in Maces & Flails
 15936 | Lair:3   | Identified the +3 ring mail of Pandemonium {+Fly rPois
                  | Int-4 Stlth+} (You found it on level 3 of the Lair of
                  | Beasts)
 16553 | Lair:4   | Found a staircase to the Swamp.
 17115 | Lair:4   | Noticed Josephine
 17119 | Lair:4   | Killed Josephine
 17119 | Lair:4   | Reached skill level 16 in Maces & Flails
 17406 | Lair:5   | Learned a level 2 spell: Passwall
 17411 | Lair:5   | Learned a level 4 spell: Airstrike
 17418 | Lair:5   | Learned a level 6 spell: Invisibility
 17510 | Lair:5   | Found a viscous altar of Jiyva.
 17510 | Lair:5   | Found a staircase to the Slime Pits.
 18072 | Lair:6   | Entered Level 6 of the Lair of Beasts
 18107 | Lair:6   | Found a runed translucent door.
 18107 | Lair:6   | Found a shimmering altar of Xom.
 18107 | Lair:6   | Noticed Kairos's ghost (journeyman VSFi)
 18308 | Lair:6   | Reached XP level 15. HP: 89/89 MP: 15/15
 18406 | Lair:6   | Reached skill level 10 in Fighting
 19264 | Orc:1    | Entered Level 1 of the Orcish Mines
 19264 | Orc:1    | Found Gyobu's Armour Emporium.
 19597 | Orc:2    | Entered Level 2 of the Orcish Mines
 19602 | Orc:2    | Noticed an orc warlord
 19612 | Orc:2    | Noticed Sonja
 19628 | Orc:2    | Killed an orc warlord
 19636 | Orc:2    | Killed Sonja
 19822 | Orc:2    | Found Dizumeno's Book Shoppe.
 19822 | Orc:2    | Found Desibb's Antique Armour Boutique.
 19822 | Orc:2    | Noticed Donald
 19825 | Orc:2    | Reached skill level 1 in Evocations
 19826 | Orc:2    | Killed Donald
 19835 | Orc:2    | Found Fetiugh's Magic Scroll Emporium.
 19871 | Orc:2    | Found Hiphass's Gadget Emporium.
 19890 | Orc:2    | Bought a runed scarf for 160 gold pieces
 19901 | Orc:2    | Found a staircase to the Elven Halls.
 19909 | Orc:2    | Bought a scroll of summoning for 152 gold pieces
 20359 | Swamp:1  | Entered Level 1 of the Swamp
 20430 | Swamp:1  | Reached XP level 16. HP: 106/106 MP: 17/17
 20613 | Swamp:1  | Reached skill level 15 in Fighting
 20701 | Swamp:1  | Noticed a thorn hunter
 20714 | Swamp:1  | Killed a thorn hunter
 22394 | Swamp:3  | Reached skill level 5 in Evocations
 22453 | Swamp:3  | Learned a level 3 spell: Dazzling Spray
 22635 | Swamp:4  | Entered Level 4 of the Swamp
 22639 | Swamp:4  | Noticed a thorn hunter
 23121 | Swamp:4  | Killed a thorn hunter
 23421 | Swamp:4  | Noticed Bai Suzhen
 23432 | Swamp:4  | Noticed a thorn hunter
 23446 | Swamp:4  | Killed a thorn hunter
 23450 | Swamp:4  | Reached XP level 17. HP: 48/115 MP: 19/22
 23505 | Swamp:4  | Killed Bai Suzhen
 23648 | Swamp:4  | Reached skill level 10 in Evocations
 23894 | Swamp:4  | Got a decaying rune of Zot
 24179 | Snake:1  | Entered Level 1 of the Snake Pit
 24202 | Snake:1  | Noticed Jorgrun
 24208 | Snake:1  | Killed Jorgrun
 24383 | Snake:1  | Noticed Asterion
 24397 | Snake:1  | Killed Asterion
 24412 | Snake:1  | Reached skill level 5 in Invocations
 25283 | Snake:2  | Reached XP level 18. HP: 120/120 MP: 25/25
 25520 | Snake:2  | Reached skill level 10 in Invocations
 26340 | Snake:3  | Noticed Aizul
 26366 | Snake:3  | Killed Aizul
 26837 | Snake:4  | Entered Level 4 of the Snake Pit
 27243 | Snake:4  | Reached skill level 1 in Spellcasting
 27354 | Snake:4  | Reached skill level 5 in Spellcasting
 27371 | Snake:4  | Reached XP level 19. HP: 104/125 MP: 29/29
 27391 | Snake:4  | Noticed Saint Roka
 27552 | Snake:4  | Killed Saint Roka
 27657 | Snake:4  | Noticed Vashnia
 27675 | Snake:4  | Killed Vashnia
 28083 | Snake:4  | Noticed Nikola
 28100 | Snake:4  | Killed Nikola
 28214 | Snake:4  | Reached skill level 5 in Hexes
 28273 | Snake:4  | Noticed Agnes
 28279 | Snake:4  | Killed Agnes
 28651 | Snake:4  | Got a serpentine rune of Zot
 28903 | Elf:1    | Entered Level 1 of the Elven Halls
 29038 | Elf:1    | Found Ytaiheix's Book Shop.
 29232 | Elf:1    | Identified the +8 short sword of Trog's Reproof {vamp,
                  | Dex+2 Stlth+}
 29242 | Elf:1    | Learned a level 4 spell: Cause Fear
 29438 | Elf:1    | Found Yteigg's Jewellery Boutique.
 29578 | Elf:1    | Noticed Azrael
 29940 | Vaults:1 | Entered Level 1 of the Vaults
 30262 | Vaults:1 | Reached XP level 20. HP: 93/132 MP: 25/31
 30262 | Vaults:1 | Reached skill level 10 in Hexes
 31442 | Vaults:2 | Found Uqisiheu's Antique Weapon Shop.
 31471 | Vaults:2 | Noticed Margery
 31492 | Vaults:2 | Killed Margery
 33186 | Vaults:3 | Reached XP level 21. HP: 143/143 MP: 32/32
 33839 | Vaults:3 | Found a staircase to the Crypt.
 33866 | Vaults:3 | Reached skill level 17 in Maces & Flails
 34347 | Vaults:3 | Reached skill level 18 in Maces & Flails
 34925 | Vaults:4 | Found Aleo's Antique Armour Shoppe.
 34937 | Vaults:4 | Bought a blackened ring mail for 315 gold pieces
 34937 | Vaults:4 | Identified the +8 ring mail of the Eleven Friends {rN+}
                  | (You bought it in a shop on level 4 of the Vaults)
 35040 | Vaults:4 | Cast into level 3 of the Abyss (a deep elf sorcerer)
 35384 | Abyss:3  | Gained mutation: You are dopey. (Int -2) [a neqoxec]
 35415 | Vaults:4 | Escaped the Abyss
 35498 | Vaults:4 | Reached skill level 19 in Maces & Flails
 35744 | Vaults:4 | Reached XP level 22. HP: 141/149 MP: 33/33
 35913 | Vaults:4 | Identified the cursed +0 cloak "Piugrep" {MR+ Str+3} (You
                  | found it on level 4 of the Vaults)
 36135 | Vaults:4 | Reached skill level 20 in Maces & Flails
 36508 | Vaults:5 | Entered Level 5 of the Vaults
 36508 | Vaults:5 | Noticed a golden dragon
 36619 | Vaults:5 | Noticed an ancient lich
 36652 | Vaults:4 | Killed a golden dragon
 37901 | Elf:1    | Killed Azrael
 37992 | Elf:2    | Reached skill level 21 in Maces & Flails
 38195 | Elf:2    | Found a runed translucent gate.
 38197 | Elf:2    | Found a runed translucent gate.
 38201 | Elf:2    | Found a runed translucent gate.
 38350 | Elf:2    | Found a portal to a secret trove of treasure.
 39007 | Elf:2    | Reached XP level 23. HP: 130/155 MP: 34/34
 39168 | Elf:3    | Entered Level 3 of the Elven Halls
 39218 | Elf:3    | Reached skill level 22 in Maces & Flails
 39501 | Elf:3    | Reached skill level 1 in Air Magic
 40357 | Elf:3    | Identified the +4 scale mail "Nuawnir" {*Slow rPois rF+++
                  | Dex+2}
 40357 | Elf:3    | Identified the amulet of Vaunt {*Drain +Rage rN+ Dex+2}
 40363 | Elf:3    | Reached skill level 5 in Air Magic
 40363 | Elf:3    | Identified the ring "Sauxt" {rPois MR+ Dex+4 Slay+3}
 40733 | Elf:3    | Killed from afar by a deep elf annihilator

Skill      XL: |  1  2  3  4  5  6  7  8  9 10 11 12 13 14 15 16 17 18 19 20 21 22 23 |
---------------+----------------------------------------------------------------------+-----
Maces & Flails | 3 4 5 6 7 9 13 16 19 21 22 | 22.1
Fighting       | 7 8 14 16 18 19 | 19.1
Shields        | 6 10 13 15 | 15.3
Armour         | 5 |  5.0
Dodging        | 4 9 |  9.1
Evocations     | 1 7 10 | 10.6
Invocations    | 9 14 | 14.0
Spellcasting   | 5 7 |  7.3
Hexes          | 9 11 | 11.3
Air Magic      | 7 |  7.0

Action                   |  1- 3 |  4- 6 |  7- 9 | 10-12 | 13-15 | 16-18 | 19-21 | 22-24 || total
-------------------------+-------+-------+-------+-------+-------+-------+-------+-------++-------
Melee: Flail             |   101 |   164 |   347 |   549 |       |       |  1128 |       ||  2289
       Morningstar       |       |       |       |   109 |   862 |  1034 |   532 |   868 ||  3405
 Fire: Hand crossbow     |       |       |       |       |       |    43 |       |       ||    43
Invok: Slouch            |       |       |       |     1 |     3 |     4 |    15 |     3 ||    26
       Temporal Distorti |       |       |       |       |       |       |     1 |       ||     1
 Abil: Evoke Invisibilit |       |       |       |       |       |       |     1 |       ||     1
Evoke: Wand              |       |       |       |    14 |    18 |    13 |     9 |     3 ||    57
       Box of beasts     |       |       |       |       |     4 |       |       |       ||     4
       Sack of spiders   |       |       |       |       |       |       |     3 |     1 ||     4
       Lamp of fire      |       |       |       |       |       |       |       |     1 ||     1
       Phial of floods   |       |       |       |       |       |       |       |     1 ||     1
  Use: Scroll            |     5 |     6 |     8 |    16 |    21 |    14 |    13 |     8 ||    91
       Potion            |       |     4 |     5 |     1 |     3 |    10 |     5 |       ||    28
 Stab: Paralysed         |       |       |       |     5 |       |       |       |       ||     5
       Confused          |       |       |       |     1 |       |       |       |       ||     1
       Sleeping          |       |       |       |       |     1 |       |       |     2 ||     3
       Fleeing           |       |       |       |       |     1 |       |       |       ||     1
       Distracted        |       |       |       |       |     1 |       |     2 |     2 ||     5
       Invisible         |       |       |       |       |       |       |     1 |       ||     1
  Eat: Ration            |     1 |     1 |     3 |     3 |     5 |     4 |     8 |     2 ||    27
       Chunk             |       |       |       |     1 |       |     4 |       |       ||     5
Armor: Scale mail        |    64 |    87 |   137 |   420 |   154 |   390 |   318 |       ||  1570
       Skin              |       |       |     7 |       |       |       |       |       ||     7
       Chain mail        |       |       |       |       |    55 |       |       |       ||    55
       Ring mail         |       |       |       |       |    57 |       |    38 |   296 ||   391
Dodge: Dodged            |    38 |    52 |   140 |   331 |   490 |   818 |   754 |   413 ||  3036
       Deflected         |       |       |       |       |     1 |    79 |    78 |     1 ||   159
Block: Shield            |    63 |   104 |   221 |   801 |   985 |  1434 |  1670 |   928 ||  6206
